 Dungeon Crawl Stone Soup version 0.18-a0-1435-gee79d65 (webtiles) character file.

70532 4thArraOfDagon the Scorcher (level 14, -40/61 HPs)
             Began as a Deep Elf Fire Elementalist on Feb 28, 2016.
             Was the Champion of Vehumet.
             Annihilated by an azure jelly (48 damage)
             ... on level 1 of the Pits of Slime.
             The game lasted 01:11:58 (8551 turns).

4thArraOfDagon the Scorcher (DEFE)                  Turns: 8551, Time: 01:11:58

Health: -40/61     AC: 12    Str:  4 (5)  XL:     14   Next: 94%
Magic:  35/35      EV: 17    Int: 25 (26) God:    Vehumet [******]
Gold:   1633       SH:  0    Dex: 18 (20) Spells: 8 memorised, 17 levels left

rFire  + . .     SeeInvis .     V - +8 rod of shadows (14/14)
rCold  x . .     Gourm    .     m - +0 troll leather armour
rNeg   . . .     Faith    .     (no shield)
rPois  +         Spirit   .     (no helmet)
rElec  .         Dismiss  .     F - +0 cloak {rPois}
rCorr  +         Reflect  .     n - +2 pair of gloves
SustAt .         Harm     .     D - +2 pair of boots
MR     +....                    (no amulet)
Stlth  ++........               a - ring of resist corrosion
                                z - ring of fire

@: confused, agile, very slightly contaminated, hasted, delayed fireball, repel
missiles, very quick, somewhat resistant to hostile enchantments, unstealthy
A: hooves 1, large bone plates 2, deformed body, deterioration 1, frail 1, sense
surroundings 1
a: Renounce Religion, Release Delayed Fireball


You were on level 1 of the Pits of Slime.
You worshipped Vehumet.
Vehumet was exalted by your worship.
You were hungry.

You visited 5 branches of the dungeon, and saw 22 of its levels.
You also visited: Labyrinth.

You collected 2097 gold pieces.
You spent 464 gold pieces at shops.

Inventory:

Hand Weapons
 K - a +0 blowgun
Missiles
 J - 3 curare-tipped needles
Armour
 m - a +0 troll leather armour (worn)
 n - a +2 pair of gloves (worn)
 D - a +2 pair of boots (worn)
 F - a +0 cloak of poison resistance (worn)
 L - a +1 robe of cold resistance
Magical Staves
 r - an uncursed staff of air
 G - an uncursed staff of conjuration {!a}
 U - an uncursed staff of energy {!a}
Rods
 V - a +8 rod of shadows (14/14) (weapon)
   (You found it in a labyrinth)
Jewellery
 a - a ring of resist corrosion (right hand)
 f - a +5 ring of protection
 p - an uncursed ring of protection from cold
 z - a ring of fire (left hand)
 E - an uncursed ring of poison resistance
 W - an uncursed ring of protection from fire
Wands
 i - a wand of polymorph (15/24)
 y - a wand of disintegration (18/24)
 H - a wand of slowing (24/48)
 O - a wand of hasting (4/9)
 X - a wand of iceblast (0/15)
 Y - a wand of flame (13/48)
Scrolls
 g - 4 scrolls of teleportation
 k - 4 scrolls of immolation
 s - 2 scrolls of amnesia
 t - 2 scrolls of fear
 C - 2 scrolls of enchant armour
 I - 3 scrolls of remove curse
 R - 4 scrolls of magic mapping
 T - 2 scrolls of fog
 Z - a scroll of blinking
Potions
 d - 2 potions of agility
 e - a potion of heal wounds
 j - 2 potions of lignification
 o - a potion of invisibility
 u - 2 potions of brilliance
 x - 2 potions of might
 M - a potion of berserk rage
 N - a potion of resistance
 P - a potion of cure mutation
 S - a potion of flight
Books
 w - a book of Burglary

   Spells                             Type                      Level
   a - Swiftness                      Charms/Air                   2
   b - Passwall                       Transmutation/Earth          2
   c - Passage of Golubria            Translocation                4
   d - Lee's Rapid Deconstruction     Earth                        5
   e - Darkness                       Hexes                        6
   f - Invisibility                   Hexes                        6
Miscellaneous
 q - a crystal ball of energy
Comestibles
 c - 10 bread rations
 h - 3 beef jerkies
 l - 4 slices of pizza
 v - 3 meat rations
 A - 8 chunks of flesh
 B - 6 royal jellies
 Q - 3 fruits


   Skills:
 - Level 2.4 Dodging
 - Level 2.4 Stealth
 + Level 15.3 Spellcasting
 + Level 17.3 Conjurations
 * Level 17.4 Fire Magic
 + Level 3.5 Evocations


You had 17 spell levels left.
You knew the following spells:

 Your Spells              Type           Power        Failure   Level  Hunger
a - Bolt of Fire          Conj/Fire      ########..   1%          6    ####...
b - Conjure Flame         Conj/Fire      ########     0%          3    None
c - Sticky Flame          Conj/Fire      ########     1%          4    None
d - Fireball              Conj/Fire      ########..   1%          5    #......
e - Cure Poison           Pois           ###.......   10%         2    None
f - Delayed Fireball      Conj/Fire      N/A          1%          7    ######.
g - Blink                 Tloc           N/A          10%         2    None
h - Repel Missiles        Chrm/Air       ###...       10%         2    None


Dungeon Overview and Level Annotations

Branches:
Dungeon (10/15)            Temple (1/1) D:5            Lair (8/8) D:8
  Slime (1/6) Lair:7          Orc (2/2) D:9             Elf (0/3) Orc:2
  Swamp: Lair:3-6    Shoals: Lair:3-6     Snake: Lair:3-6    Spider: Lair:3-6

Altars:
Ashenzari
Cheibriados
Dithmenos
Fedhas
Gozag
Makhleb
Nemelex Xobeh
Okawaru
Pakellas
Qazlal
Ru
Sif Muna
Trog
Vehumet
Zin
The Shining One
Jiyva

Shops:
D:5 }%   D:9 *   Orc:2 (:}%?**

Annotations:
D:10 Ratboiler's ghost, novice DsAr
Lair:2 Harold
Lair:5 exclusion: upstairs


Innate Abilities, Weirdness & Mutations

You have large cloven feet.
You are mostly covered in large bone plates (AC +3, SH +3).
Armour fits poorly on your strangely shaped body.
Your body sometimes deteriorates upon taking damage.
You are frail (-10% HP).
You passively map a small area around you.


Message History

Unknown command.
Unknown command.
The wall burns you! You resist. The golden eye blinks at you.
You resist with almost no effort. The golden eye blinks at you.
You are more confused.
Unknown command.
You hit the azure jelly.
The azure jelly is lightly wounded.
The wall burns you! You resist.
* * * LOW HITPOINT WARNING * * *
The golden eye blinks at you.
You are more confused.
The azure jelly hits you!
* * * LOW HITPOINT WARNING * * *
Your body deteriorates!
You feel clumsy. The azure jelly freezes you!!!
You feel a terrible chill!
Ouch! That really hurt!
You die...

..............
,* *
...............,
* ,
......>........,
...........#.##
* ............##
,,
,,...........# ,
, , #..........
, ##.....#....
*#..J@...#. , **
##..#G....#. , ,
, ##............
, , , ,*
#..<.....G....
**
##...#........
#....#.......
#............ ,
#............
##..........


You could see an azure jelly and 2 golden eyes.

Vanquished Creatures
  An acid blob (Slime:1)
  A minotaur (Lab)
  Josephine (Lair:4)
  4 hydras
  2 catoblepae (Lair:8)
  A queen ant (Lair:3)
  2 ogre magi (Orc:2)
  9 death yaks
  An orc high priest (Orc:1)
  An iron troll (Orc:2)
  A deep troll (Orc:2)
  An unseen horror (D:9)
  3 hill giants
  6 lindwurms (Lair:8)
  2 manticores (Lair:8)
  3 griffons
  24 elephants
  2 cyclopes (Orc:2)
  Maurice (D:9)
  3 black mambas
  An eye of devastation (Slime:1)
  10 spiny frogs
  6 torpor snails (Lair:8)
  8 komodo dragons
  3 rime drakes (Lair:8)
  9 trolls
  3 polar bears
  6 giant leeches (Lair:8)
  6 two-headed ogres (Orc:2)
  14 blink frogs
  41 yaks
  3 wyverns
  4 wraiths (Lair:4)
  2 golden eyes (Slime:1)
  A hungry ghost (D:9)
  A basilisk (Lair:8)
  8 hippogriffs
  Edmund (D:6)
  17 wolves
  2 wargs (Orc:1)
  8 soldier ants (Lair:3)
  6 water moccasins
  3 porcupines
  A black bear (D:8)
  15 orc warriors
  A phantom (D:7)
  An ice beast (D:6)
  An eye of draining (Slime:1)
  A necrophage (D:10)
  3 wasps (Lair:8)
  23 ogres
  9 crocodiles
  3 centaurs
  Blork the orc (D:6)
  4 big kobolds
  9 giant frogs
  2 scorpions
  6 killer bees (D:10)
  5 wights (D:8)
  A troll skeleton (D:9)
  2 howler monkeys (D:9)
  2 spriggan skeletons (D:9)
  2 jellies
  3 giant frog zombies
  7 hounds
  4 centaur skeletons
  A centaur zombie (D:6)
  8 orc priests
  A giant frog skeleton (D:6)
  4 iguanas
  A hell rat (D:8)
  8 orc wizards
  29 worker ants
  30 sheep
  A hound zombie (D:9)
  A worker ant zombie (D:9)
  5 gnolls (D:8)
  30 river rats
  7 adders
  2 shadow imps (D:5)
  An ooze (D:6)
  18 worms
  3 giant geckos
  45 orcs
  A ball python (D:1)
  3 giant cockroaches
  A goblin (D:2)
  2 hobgoblins (D:1)
  8 quokkas
  A bat (D:1)
  2 giant newts
  21 kobolds
  2 rats (D:8)
  2 fungi (Lair:7)
  5 plants
581 creatures vanquished.

Vanquished Creatures (others)
  24 fungi
  11 plants
35 creatures vanquished.

Grand Total: 616 creatures vanquished

Notes
Turn   | Place    | Note
--------------------------------------------------------------
     0 | D:1      | 4thArraOfDagon the Deep Elf Fire Elementalist began the quest for the Orb.
     0 | D:1      | Reached XP level 1. HP: 10/10 MP: 6/6
    78 | D:2      | Reached XP level 2. HP: 15/15 MP: 4/8
   142 | D:3      | Found a bloodstained altar of Trog.
   142 | D:3      | Found an iron altar of Okawaru.
   142 | D:3      | Found a blossoming altar of Fedhas.
   157 | D:3      | Reached XP level 3. HP: 19/19 MP: 2/9
   214 | D:3      | Learned a level 3 spell: Conjure Flame
   266 | D:4      | Found an opulent altar of Gozag.
   371 | D:4      | Reached XP level 4. HP: 22/24 MP: 6/11
   381 | D:4      | Learned a level 4 spell: Sticky Flame
   499 | D:3      | Noticed a sky beast
   508 | D:5      | Entered Level 5 of the Dungeon
   590 | D:5      | Found Ficvyvezorgh's Gadget Shop.
   721 | D:5      | Found a burning altar of Makhleb.
   725 | D:5      | Reached XP level 5. HP: 28/28 MP: 2/13
   809 | D:5      | pfff
   838 | D:5      | Found Oxidgh's Food Boutique.
   852 | D:5      | quality shops
   863 | D:6      | Noticed Edmund
   874 | D:6      | Reached skill level 5 in Fire Magic
   979 | D:7      | quality altars
  1201 | D:6      | Killed Edmund
  1201 | D:6      | Reached XP level 6. HP: 30/32 MP: 9/15
  1309 | D:5      | Noticed an orc warrior
  1328 | D:5      | Found a staircase to the Ecumenical Temple.
  1337 | Temple   | Entered the Ecumenical Temple
  1428 | Temple   | Became a worshipper of Vehumet
  1502 | D:5      | Reached skill level 5 in Spellcasting
  1516 | D:5      | Reached skill level 5 in Conjurations
  1524 | D:6      | Reached XP level 7. HP: 6/36 MP: 5/16
  1618 | D:6      | Noticed Blork the orc
  1628 | D:6      | Killed Blork the orc
  1841 | D:6      | Learned a level 5 spell: Fireball
  1854 | D:6      | Reached XP level 8. HP: 41/41 MP: 10/19
  1913 | D:7      | Found a glowing golden altar of the Shining One.
  2260 | D:8      | Reached * piety under Vehumet
  2260 | D:8      | Offered knowledge of Magic Dart by Vehumet.
  2468 | D:9      | Reached XP level 9. HP: 45/45 MP: 1/22
  2659 | D:9      | Found Cogi's Assorted Antiques.
  2666 | D:9      | Bought a pair of glowing boots for 117 gold pieces
  2666 | D:9      | Bought a scroll labeled YGACUO SAVVE for 26 gold pieces
  2781 | D:9      | Reached ** piety under Vehumet
  2810 | D:9      | Noticed an unseen horror
  2813 | D:9      | Killed an unseen horror
  2813 | D:9      | Offered knowledge of Throw Frost by Vehumet.
  2866 | D:9      | Noticed Maurice
  2879 | D:9      | Killed Maurice
  2879 | D:9      | Reached skill level 10 in Fire Magic
  2988 | D:10     | Entered Level 10 of the Dungeon
  3037 | D:9      | Noticed a troll
  3072 | D:9      | Killed a troll
  3131 | D:9      | Reached skill level 10 in Conjurations
  3131 | D:9      | Reached XP level 10. HP: 50/50 MP: 17/25
  3244 | D:9      | Found a staircase to the Orcish Mines.
  3297 | D:10     | Noticed a hill giant
  3305 | D:10     | Killed a hill giant
  3382 | D:10     | Offered knowledge of Ignite Poison by Vehumet.
  3458 | D:10     | Noticed Ratboiler's ghost (novice DsAr)
  3623 | D:10     | Noticed a gargoyle
  3753 | Orc:1    | Entered Level 1 of the Orcish Mines
  3755 | Orc:1    | Noticed an orc high priest
  3760 | Orc:1    | Noticed a smoke demon
  3761 | Orc:1    | Reached *** piety under Vehumet
  3763 | Orc:1    | Reached skill level 10 in Spellcasting
  3764 | Orc:1    | Killed an orc high priest
  3897 | Orc:1    | Offered knowledge of Olgreb's Toxic Radiance by Vehumet.
  4050 | Orc:2    | Entered Level 2 of the Orcish Mines
  4072 | Orc:1    | Reached XP level 11. HP: 37/54 MP: 10/27
  4116 | Orc:1    | Noticed an orc warlord
  4174 | Orc:2    | Found Imyaruv's Assorted Antiques.
  4221 | Orc:2    | Bought an embroidered robe for 20 gold pieces
  4221 | Orc:2    | Bought a fuming emerald potion for 26 gold pieces
  4334 | Orc:2    | Found a staircase to the Elven Halls.
  4339 | Orc:2    | Found Jigeg's General Store.
  4354 | Orc:2    | Bought a potion of mutation for 32 gold pieces
  4354 | Orc:2    | Gained mutation: You are agile. (Dex +2) [potion of mutation]
  4354 | Orc:2    | Gained mutation: You are partially covered in large bone plates (AC +2, SH +2). [potion of mutation]
  4354 | Orc:2    | Gained mutation: You have supernaturally acute eyesight. [potion of mutation]
  4355 | Orc:2    | Gained mutation: Your body sometimes deteriorates upon taking damage. [potion of mutation]
  4355 | Orc:2    | Gained mutation: You are frail (-10% HP). [potion of mutation]
  4355 | Orc:2    | Lost mutation: You have supernaturally acute eyesight. [potion of mutation]
  4356 | Orc:2    | Gained mutation: Armour fits poorly on your strangely shaped body. [potion of mutation]
  4357 | Orc:2    | Gained mutation: You passively map a small area around you. [potion of mutation]
  4357 | Orc:2    | Lost mutation: You are agile. (Dex +2) [potion of mutation]
  4357 | Orc:2    | Gained mutation: You have large cloven feet. [potion of mutation]
  4358 | Orc:2    | Gained mutation: You are mostly covered in large bone plates (AC +3, SH +3). [potion of mutation]
  4364 | Orc:2    | Found Meug's Magic Scroll Shop.
  4373 | Orc:2    | Bought a scroll of immolation for 49 gold pieces
  4391 | Orc:2    | Noticed a hill giant
  4391 | Orc:2    | Found Dulala's Food Shop.
  4510 | Orc:2    | Noticed an ogre mage
  4522 | Orc:2    | Reached **** piety under Vehumet
  4540 | Orc:2    | Killed an ogre mage
  4694 | Orc:2    | Killed a hill giant
  4736 | Orc:2    | Noticed a deep troll
  4763 | Orc:2    | Killed a deep troll
  4779 | Orc:2    | Offered knowledge of Static Discharge by Vehumet.
  4904 | Orc:2    | Found Poyfow's Book Emporium.
  4941 | Orc:2    | Found Geuty's Weapon Shop.
  4941 | Orc:2    | Noticed a hill giant
  4943 | Orc:2    | Noticed an iron troll
  4964 | Orc:2    | Killed a hill giant
  5045 | Orc:2    | Killed an iron troll
  5045 | Orc:2    | Reached XP level 12. HP: 44/53 MP: 2/29
  5098 | Orc:2    | Found Tatwohom's Gadget Boutique.
  5120 | Orc:2    | Noticed an ogre mage
  5122 | Orc:2    | Killed an ogre mage
  5123 | Orc:2    | MEH
  5123 | Orc:2    | !!!
  5131 | Orc:2    | ctrl q
  5148 | Orc:2    | Bought a scroll of fear for 49 gold pieces
  5148 | Orc:2    | Bought a scroll of enchant armour for 105 gold pieces
  5148 | Orc:2    | Bought a scroll of random uselessness for 14 gold pieces
  5159 | Orc:2    | Bought a scroll of identify for 26 gold pieces
  5160 | Orc:2    | elves out of question :(
  5160 | Orc:2    | weapons, elementals immune :(
  5160 | Orc:2    | ctrl q
  5248 | D:8      | Found a staircase to the Lair.
  5346 | Lair:1   | Entered Level 1 of the Lair of Beasts
  5513 | Lair:3   | last hope
  5528 | Lair:3   | Noticed a five-headed hydra
  5539 | Lair:3   | Killed a five-headed hydra
  5552 | Lair:2   | Noticed Harold
  5566 | Lair:2   | Reached ***** piety under Vehumet
  5684 | Lair:3   | Found a labyrinth entrance.
  5704 | Lab      | Entered a labyrinth
  5820 | Lab      | Noticed a minotaur
  5824 | Lab      | Killed a minotaur
  5846 | Lab      | Identified a +8 rod of shadows (14/14) (You found it in a labyrinth)
  5851 | Lab      | Learned a level 2 spell: Cure Poison
  5871 | Lair:3   | Offered knowledge of Delayed Fireball by Vehumet.
  5945 | Lair:3   | Noticed a queen ant
  5966 | Lair:3   | Killed a queen ant
  6013 | Lair:3   | Learned a level 7 spell: Delayed Fireball
  6157 | Lair:4   | Noticed Josephine
  6160 | Lair:4   | Killed Josephine
  6160 | Lair:4   | Reached XP level 13. HP: 56/56 MP: 9/32
  6315 | Lair:5   | Reached skill level 15 in Conjurations
  6353 | Lair:6   | Reached skill level 15 in Fire Magic
  6754 | Lair:8   | Entered Level 8 of the Lair of Beasts
  6977 | Lair:7   | Found a viscous altar of Jiyva.
  6977 | Lair:7   | Found a staircase to the Slime Pits.
  7011 | Lair:7   | Reached ****** piety under Vehumet
  7239 | Lair:8   | Offered knowledge of Bolt of Fire by Vehumet.
  7239 | Lair:8   | Reached XP level 14. HP: 50/61 MP: 29/34
  7265 | Lair:8   | Found a runed door.
  7620 | Lair:8   | Learned a level 6 spell: Bolt of Fire
  7724 | Lair:8   | Identified the Handbook of Hexes
  7787 | Lair:8   | Offered knowledge of Bolt of Draining by Vehumet.
  7993 | Lair:8   | Reached skill level 15 in Spellcasting
  8017 | Lair:8   | Reached skill level 1 in Evocations
  8167 | Lair:8   | 4thArraOfDagon: 8 gifts
  8167 | Lair:8   | 4thArraOfDagon: too late for firestorm
  8332 | Lair:8   | Learned a level 2 spell: Blink
  8335 | Lair:8   | Learned a level 2 spell: Repel Missiles
  8496 | Slime:1  | Entered Level 1 of the Pits of Slime
  8502 | Slime:1  | Noticed an acid blob
  8504 | Slime:1  | Killed an acid blob
  8533 | Slime:1  | Noticed an azure jelly
  8551 | Slime:1  | Annihilated by an azure jelly

Vault maps used:
D:1:      enne_arrival_octagon_isle
D:2:      uniq_sigmund
D:3:      gammafunk_temple_overflow_forgotten, first_bread, uniq_grinder
D:4:      lemuel_round_altar
D:5:      makhleb_blood_cavern_becter, minmay_temple_entry_purple_smoke,
          serial_shops, shop, shop, minivault_1
D:6:      minmay_joined_circles, uniq_eustachio, uniq_blork_the_orc, uniq_edmund
D:7:      tso_metal_star
D:8:      dpeg_lair_monsters
D:9:      david_orc_2, serial_shops, kennysheep_little_box,
          hangedman_tell_no_tales, uniq_maurice
D:10:     tgw_xom
Temple:   hc_temple_tempest_star
Lair:2:   uniq_harold
Lair:3:   lab_entry_generic, st_stairs_3, zaba_antful_of_joy
Lair:4:   spider_nest_entry_funnel_web, st_stairs_3, kennysheep_basilisk_garden,
          uniq_josephine
Lair:6:   minmay_swamp_entry_worms, grunt_megastairs_4
Lair:7:   beast_lair_carwin_large_4, dpeg_slime_entry_enclosed_altar,
          infiniplex_staircase_pool_2
Lair:8:   hangedman_lair_in_review, wormcave, minmay_lindwurm_lava
Orc:2:    st_orc_open, serial_shops, shop, shop, shop
Lab:      labyrinth_mini_lab, labyrinth_skeletal_remains, nicolae_lab_statue,
          lab_hedge

Skill      XL: |  1  2  3  4  5  6  7  8  9 10 11 12 13 14 |
---------------+-------------------------------------------+-----
Conjurations   | 2 3 4 5 6 8 10 11 13 14 16 17 | 17.3
Fire Magic     | 4 5 6 7 8 10 11 13 14 16 17 | 17.4
Spellcasting   | 4 5 6 7 9 10 11 13 14 15 | 15.3
Evocations     | 3 |  3.5
Dodging        | |  2.4
Stealth        | |  2.4

Action                   |  1- 3 |  4- 6 |  7- 9 | 10-12 | 13-15 || total
-------------------------+-------+-------+-------+-------+-------++-------
Melee: Unarmed           |     2 |       |       |       |       ||     2
       Scimitar          |       |    18 |    62 |       |       ||    80
       War axe           |       |     2 |       |       |       ||     2
       Spear             |       |       |   155 |    73 |       ||   228
       Morningstar       |       |       |       |   108 |       ||   108
       Staff             |       |       |       |     7 |   124 ||   131
       Rod               |       |       |       |       |     2 ||     2
 Fire: Blowgun           |       |       |       |     9 |       ||     9
 Cast: Flame Tongue      |    32 |    18 |    75 |    32 |    10 ||   167
       Sticky Flame      |       |     7 |    29 |    64 |    77 ||   177
       Conjure Flame     |       |     4 |    11 |    23 |    19 ||    57
       Fireball          |       |       |     1 |    78 |    77 ||   156
       Delayed Fireball  |       |       |       |     1 |     7 ||     8
       Bolt of Fire      |       |       |       |       |    20 ||    20
       Repel Missiles    |       |       |       |       |     1 ||     1
 Abil: Release Delayed F |       |       |       |       |     7 ||     7
Evoke: Wand              |       |       |     3 |     5 |     2 ||    10
       Staff of energy   |       |       |       |       |     9 ||     9
  Use: Scroll            |     1 |     9 |     3 |     6 |     7 ||    26
       Potion            |       |       |     1 |     9 |     6 ||    16
 Stab: Sleeping          |       |       |     1 |       |       ||     1
  Eat: Chunk             |       |     3 |     9 |    17 |    17 ||    46
       Fruit             |       |       |       |     3 |       ||     3
